 Dungeon Crawl Stone Soup version 0.14-a0-102-g2341383 (webtiles) character file.

477 Malachi the Slasher (level 6, -1/48 HPs)
             Began as a Vampire Fighter on Oct 2, 2013.
             Killed from afar by Malachi's ghost (3 damage)
             ... with a zap
             ... on Level 3 of the Dungeon.
             The game lasted 00:05:44 (2021 turns).

Malachi the Slasher (Vampire Fighter)               Turns: 2021, Time: 00:05:44

HP  -1/48        AC  6     Str 17      XL: 6   Next: 49%
MP   6/6         EV  6     Int 10      God:
Gold 88          SH 18     Dex 13      Spells:  0 memorised,  5 levels left

Res.Fire  : + . .   See Invis. : +   a - +0 falchion
Res.Cold  : . . .   Warding    : .   b - +0 scale mail
Life Prot.: . . .   Conserve   : .   c - +0 shield
Res.Poison: .       Res.Corr.  : .   (no helmet)
Res.Elec. : .       Clarity    : .   (no cloak)
Sust.Abil.: . .     Spirit.Shd : .   (no gloves)
Res.Mut.  : .       Stasis     : .   (no boots)
Res.Rott. : .       Flight     : .   (no amulet)
Saprovore : . . .                    s - ring of sustenance
                                     k - ring of protection from fire

@: regenerating very quickly, slightly resistant to hostile enchantments,
extremely unstealthy
A: bottle blood, fangs 3, see invisible, unbreathing
a: Bottle Blood


You were on level 3 of the Dungeon.
You were almost alive.

You visited 1 branch of the dungeon, and saw 3 of its levels.

You collected 68 gold pieces.

Inventory:

Hand weapons
 a - a +0,+0 falchion (weapon)
 l - a cursed +0,+0 sling
Missiles
 m - 27 stones (quivered)
Armour
 b - a +0 scale mail (worn)
 c - a +0 shield (worn)
Scrolls
 d - a scroll of curse armour {unknown}
 e - 2 scrolls of teleportation {unknown}
 i - a scroll of enchant weapon I {unknown}
 n - 3 scrolls of remove curse {unknown}
 p - a scroll of magic mapping {unknown}
 t - 2 scrolls of random uselessness {unknown}
 v - a scroll of curse weapon {unknown}
Jewellery
 k - a ring of protection from fire (left hand)
 s - a ring of sustenance (right hand)
Potions
 f - a potion of mutation {unknown}
 g - 2 potions of curing
 h - a potion of confusion {unknown}
 j - a potion of resistance {unknown}
 o - a potion of speed {unknown}
 q - a potion of restore abilities {unknown}
 r - a potion of poison {unknown}
 u - 2 potions of degeneration {unknown}
 w - a potion of heal wounds {unknown}


   Skills:
 + Level 3.4 Fighting
 * Level 4.3 Long Blades
 + Level 3.3 Armour
 + Level 2.9 Dodging
 + Level 3.6 Shields


You had 5 spell levels left.
You didn't know any spells.

Dungeon Overview and Level Annotations

Branches:
Dungeon (3/27)

Altars:
Sif Muna

Annotations:
D:3 Malachi's ghost, average DsAr


Innate Abilities, Weirdness & Mutations

Your natural rate of healing is extremely fast.
You can bottle blood from corpses.
You have razor-sharp teeth.*
You have supernaturally acute eyesight.
You can survive without breathing.*


Message History

Drink which item? (? for menu, Esc to quit)
You feel better.
You see here an adder corpse.
Drink blood from an adder corpse? (ye/n/q/i?) This blood tastes delicious!
You stop draining the corpse.
All blood oozes out of the corpse!
Malachi's ghost turns its malevolent gaze towards you.
Malachi's ghost casts a spell at you. The zap hits you!
* * * LOW HITPOINT WARNING * * *
Read which item? (? for menu, Esc to quit)
Okay, then.
Malachi's ghost casts a spell at you. The zap hits you!
* * * LOW HITPOINT WARNING * * *
Malachi's ghost points at you and mumbles some strange words.
The zap hits you!
* * * LOW HITPOINT WARNING * * *
The zap hits you!
You die...

...#
#...............######
#.# ####
#...........%........#
#.#
#.........##########.#
#.#
#.........'.......##.#
#.#
#.........#######.##.#
#.# #######.### #.##.#
#.# #.# #.##.# #.#
###'##### #.##.# #.#
#....@..# #.##'###.#
#.......#####.#<......
##...........#.#.......
..............#.'.......
...........p...###.......
..............# #.......
.............# #.......
..#########'## #.......
.... #.......


You could see Malachi's ghost.

Vanquished Creatures
  Grinder (D:3)
  An orc priest (D:3)
  5 adders
  A gnoll (D:1)
  A worm (D:3)
  3 giant geckos
  4 orcs (D:3)
  6 bats
  A giant cockroach (D:2)
  10 goblins
  8 hobgoblins
  7 jackals (D:1)
  A ball python (D:2)
  4 giant newts
  8 kobolds
  A quokka (D:3)
  11 rats
73 creatures vanquished.

Notes
Turn   | Place    | Note
--------------------------------------------------------------
     0 | D:1      | Malachi, the Vampire Fighter, began the quest for the Orb.
     0 | D:1      | Reached XP level 1. HP: 18/18 MP: 1/1
   252 | D:1      | Reached XP level 2. HP: 18/24 MP: 2/2
   306 | D:1      | Reached skill level 3 in Shields
   562 | D:1      | Reached XP level 3. HP: 28/30 MP: 3/3
   866 | D:2      | Reached skill level 1 in Dodging
  1134 | D:2      | Reached XP level 4. HP: 31/36 MP: 4/4
  1256 | D:2      | Found a deep blue altar of Sif Muna.
  1639 | D:3      | Noticed Grinder
  1639 | D:3      | Noticed Malachi's ghost (average DsAr)
  1900 | D:3      | Reached XP level 5. HP: 41/41 MP: 5/5
  1970 | D:3      | Paralysed by Grinder for 7 turns
  1985 | D:3      | Paralysed by Grinder for 2 turns
  1999 | D:3      | Killed Grinder
  1999 | D:3      | Reached skill level 4 in Long Blades
  1999 | D:3      | Reached XP level 6. HP: 5/48 MP: 6/6
  2020 | D:3      | HP: 1/48 [Malachi's ghost/zap (5)]
  2021 | D:3      | Killed from afar by Malachi's ghost

Action                   |  1- 3 |  4- 6 || total
-------------------------+-------+-------++-------
Melee: Falchion          |   141 |   122 ||   263
  Use: Potion            |     1 |     1 ||     2
       Scroll            |       |     3 ||     3
